AoeStats
← MRG621

Black Forest

508063383Analyzed
4v4 RM · 12d ago on Sep 20, 2026· 29m 6s· 8 players
Game mode
Random Map
Map size
Large (8 player)
Population
200
Speed
Normal
Resources
Standard
Victory
Conquest
Starting age
Dark Age
Ending age
Imperial Age
RankedLock teamsTeams togetherTeam positionsShared explorationLock speedFull tech treeHidden civsTurbo modeCheats
Victory
Defeat
🇺🇸 Gurjaras · United States
1264
+6
🇺🇸 Burgundians · United States
1168
+9
🇺🇸 Vietnamese · United States
1053
+13
🇺🇸 Italians · United States
843
+21
🇧🇪 Persians · Belgium
1046
-14
🇦🇹 Persians · Austria
1009
-13
🇲🇽 Turks · Mexico
983
-12
🇷🇺 Malay · Russia
947
-10
Roxxy uG
0:49 Loom
13:32 Feudal Age
15:04 Double-Bit Axe
16:52 Horse Collar
17:04 Gold Mining
17:05 Stone Mining
19:45 Castle Age
25:41 Wheelbarrow
25:33 Bow Saw
26:08 Pikeman
26:58 Scale Mail Armor
27:33 Husbandry
Jo_
0:51 Loom
12:10 Feudal Age
12:33 Double-Bit Axe
12:29 Horse Collar
13:26 Wheelbarrow
20:35 Castle Age
20:13 Stone Mining
MRG621
0:41 Loom
12:51 Feudal Age
14:57 Double-Bit Axe
22:46 Castle Age
KRONK
2:30 Loom
12:00 Feudal Age
16:44 Horse Collar
18:48 Double-Bit Axe
25:39 Castle Age
24:55 Crossbowman
25:42 Thumb Ring
Black Beard
2:18 Loom
10:26 Feudal Age
15:22 Castle Age
13:42 Double-Bit Axe
16:39 Scale Barding Armor
21:37 Bloodlines
22:19 Husbandry
23:26 Bow Saw
26:02 Fervor
26:58 Wheelbarrow
26:13 Horse Collar
26:26 Gold Mining
27:50 Town Watch
28:23 Hand Cart
32:14 Imperial Age
You cant beat luck:)
11:45 Feudal Age
12:15 Double-Bit Axe
12:23 Gold Mining
13:22 Horse Collar
15:13 Fletching
15:23 Padded Archer Armor
24:41 Castle Age
24:35 Loom
25:27 Wheelbarrow
24:41 Crossbowman
25:22 Bodkin Arrow
25:42 Leather Archer Armor
The road to 1000 elo
1:57 Loom
10:17 Feudal Age
15:03 Castle Age
17:41 Double-Bit Axe
22:13 Wheelbarrow
24:28 Hand Cart
25:05 Forging
24:56 Scale Mail Armor
25:20 Bow Saw
24:52 Horse Collar
26:33 Gold Mining
26:33 Stone Mining
27:56 Stone Mining
31:24 Imperial Age
29:04 Heavy Plow
Alexzander The Great
2:25 Loom
5:15 Double-Bit Axe
13:42 Feudal Age
15:46 Bow Saw
18:04 Fletching
20:48 Castle Age
19:45 Stone Mining
20:51 Fletching
24:23 Wheelbarrow
27:14 Gold Mining
28:13 Horse Collar
Connection lost

Rejoining the realm…

Still unreachable

The connection could not be restored.

Session expired

The server has moved on; the page needs a fresh start.